[ AOE2 MATCH · #472845649 ]
UnrankedBohemians vs Inca
[ REPLAY ANALYSIS · EXTRACTED FROM THE RECORDED GAME ]
Feudal
11:04
Castle
17:35
Imperial
28:45
| APM avg | 32.4 |
| APM peak | 71 |
| eAPM avg | 21.6 |
| Villagers / military | 93 / 405 |
Focus
⚔️ 53.0% · 🌾 47.0%
Spearman ×136 · Genitour ×120 · Hand Cannoneer ×40 · Skirmisher ×27 · Bombard Cannon ×26 · Militia ×24
Feudal
13:26
Castle
16:59
Imperial
21:34
| APM avg | 34.4 |
| APM peak | 73 |
| eAPM avg | 17.4 |
| Villagers / military | 52 / 153 |
Focus
⚔️ 30.0% · 🌾 70.0%
Hand Cannoneer ×132 · Trade Cart ×23 · Bombard Cannon ×15 · Monk ×4 · Archer ×2
Feudal
9:33
Castle
29:02
Imperial
44:57
| APM avg | 57.2 |
| APM peak | 146 |
| eAPM avg | 35.9 |
| Villagers / military | 182 / 126 |
Focus
⚔️ 21.0% · 🌾 79.0%
Scorpion ×85 · Scout Cavalry ×36 · Battering Ram ×5
Feudal
13:09
Castle
16:49
Imperial
30:23
| APM avg | 39.5 |
| APM peak | 80 |
| eAPM avg | 24.4 |
| Villagers / military | 181 / 676 |
Focus
⚔️ 37.7% · 🌾 62.3%
Scout Cavalry ×567 · Scorpion ×88 · Knight ×10 · Bombard Cannon ×8 · Trebuchet (Packed) ×2 · Monk ×1
Feudal
14:40
Castle
18:35
Imperial
22:44
| APM avg | 33.9 |
| APM peak | 87 |
| eAPM avg | 18.0 |
| Villagers / military | 202 / 120 |
Focus
⚔️ 22.4% · 🌾 77.6%
Cavalry Archer ×59 · Hand Cannoneer ×40 · Bombard Cannon ×15 · Skirmisher ×5 · Monk ×1
Feudal
12:52
Castle
23:20
Imperial
41:00
| APM avg | 27.1 |
| APM peak | 95 |
| eAPM avg | 14.3 |
| Villagers / military | 198 / 193 |
Focus
⚔️ 31.7% · 🌾 68.3%
Knight ×75 · Spearman ×75 · Scout Cavalry ×34 · Bombard Cannon ×6 · Monk ×3
Feudal
11:16
Castle
14:58
Imperial
34:28
| APM avg | 26.2 |
| APM peak | 75 |
| eAPM avg | 15.7 |
| Villagers / military | 122 / 308 |
Focus
⚔️ 27.4% · 🌾 72.6%
Scout Cavalry ×221 · Mangonel ×71 · Knight ×11 · Archer ×4 · Monk ×1
Feudal
12:12
Castle
15:50
Imperial
28:34
| APM avg | 53.3 |
| APM peak | 101 |
| eAPM avg | 41.2 |
| Villagers / military | 269 / 453 |
Focus
⚔️ 19.9% · 🌾 80.1%
Spearman ×435 · Unknown (2550) ×246 · Battering Ram ×17 · Monk ×1
Match map
Initial resources + every placement click. Lines = walls · curves = elevation contours. ◆ gold · ⬟ stone · ● berries · ✦ relic · ◌ wall gap
Your base· ✓ Closed at 17:35 · 0t walls · fragile
Fuzzy Rock's base· ✓ Closed at 16:59 · 11t walls · 1 gate(s)
mt26691's base· Open — opponent sealed themselves in
benjamin100's base· ✓ Closed at 16:49 · 65t walls · fragile
Aqua's base· ✓ Closed at 18:35 · 22t walls · 1 gate(s) · fragile
7 TC or Nothing's base· ✓ Closed at 23:20 · 38t walls · no gate
Kevlar Kevin's base· ✓ Closed at 14:58 · 0t walls · no gate
Yoshi's base· ✓ Closed at 15:50 · 26t walls · 2 gate(s)
Smoothed initial terrain · ◌ = detected wall gap · hover for details
Inputs per minute
— Rani - - Fuzzy Rock
Build order — Rani
First 150 of 645 actions detected
| 0:01 | Create | Villager (Male) |
| 0:02 | Create | Villager (Male) |
| 0:02 | Create | Villager (Male) |
| 0:02 | Create | Villager (Male) |
| 0:06 | Build | House |
| 0:08 | Build | House |
| 0:32 | Research | Loom |
| 1:34 | Create | Villager (Male) |
| 2:16 | Create | Villager (Male) |
| 2:45 | Create | Villager (Male) |
| 3:54 | Create | Villager (Male) |
| 3:54 | Create | Villager (Male) |
| 3:55 | Create | Villager (Male) |
| 3:59 | Build | Lumber Camp |
| 4:24 | Create | Villager (Male) |
| 4:27 | Build | House |
| 5:20 | Create | Villager (Male) |
| 5:20 | Create | Villager (Male) |
| 5:36 | Create | Villager (Male) |
| 5:36 | Create | Villager (Male) |
| 5:40 | Build | House |
| 6:55 | Create | Villager (Male) |
| 6:55 | Create | Villager (Male) |
| 7:46 | Create | Villager (Male) |
| 7:47 | Create | Villager (Male) |
| 8:13 | Build | Mill |
| 8:51 | Research | Feudal Age |
| 9:21 | Create | Villager (Male) |
| 9:35 | Build | Mill |
| 10:59 | Build | House |
| 11:04 | Age | Feudal Age |
| 11:24 | Create | Villager (Male) |
| 11:24 | Create | Villager (Male) |
| 11:28 | Research | Double-Bit Axe |
| 11:35 | Build | Mining Camp |
| 11:45 | Build | Market |
| 11:48 | Create | Villager (Male) |
| 11:48 | Create | Villager (Male) |
| 12:23 | Create | Villager (Male) |
| 12:23 | Create | Villager (Male) |
| 12:42 | Build | Blacksmith |
| 12:51 | Create | Villager (Male) |
| 12:51 | Create | Villager (Male) |
| 13:14 | Build | Mining Camp |
| 13:42 | Build | House |
| 14:22 | Build | Lumber Camp |
| 14:55 | Research | Castle Age |
| 15:03 | Research | Horse Collar |
| 16:15 | Build | Lumber Camp |
| 16:20 | Create | Villager (Male) |
| 16:20 | Create | Villager (Male) |
| 16:40 | Build | Farm |
| 16:42 | Build | Farm |
| 16:49 | Build | Farm |
| 17:35 | Age | Castle Age |
| 17:40 | Research | Bow Saw |
| 17:46 | Build | Town Center |
| 17:53 | Build | Town Center |
| 17:59 | Build | Monastery |
| 18:02 | Create | Villager (Male) |
| 18:02 | Create | Villager (Male) |
| 18:27 | Build | Farm |
| 18:31 | Build | Farm |
| 18:49 | Build | House |
| 18:54 | Research | Fervor |
| 18:55 | Create | Monk |
| 19:05 | Create | Villager (Male) |
| 19:05 | Create | Villager (Male) |
| 19:08 | Create | Villager (Male) |
| 19:08 | Create | Villager (Male) |
| 19:26 | Build | Farm |
| 19:32 | Create | Villager (Male) |
| 19:32 | Create | Villager (Male) |
| 19:45 | Build | Farm |
| 19:50 | Build | Farm |
| 19:56 | Create | Villager (Male) |
| 20:05 | Build | Farm |
| 20:06 | Build | Farm |
| 20:10 | Build | House |
| 20:17 | Create | Villager (Male) |
| 20:22 | Build | Farm |
| 20:26 | Create | Villager (Male) |
| 20:26 | Create | Villager (Male) |
| 20:31 | Build | Farm |
| 20:36 | Create | Villager (Male) |
| 20:52 | Build | House |
| 20:55 | Build | Farm |
| 20:57 | Build | Farm |
| 21:06 | Create | Villager (Male) |
| 21:06 | Create | Villager (Male) |
| 21:10 | Build | Farm |
| 21:12 | Create | Villager (Male) |
| 21:26 | Build | House |
| 21:30 | Build | Farm |
| 21:33 | Build | Farm |
| 21:38 | Create | Villager (Male) |
| 21:39 | Create | Villager (Male) |
| 21:45 | Build | Farm |
| 21:49 | Create | Villager (Male) |
| 21:58 | Build | Farm |
| 22:06 | Create | Villager (Male) |
| 22:06 | Create | Villager (Male) |
| 22:22 | Build | University |
| 22:26 | Create | Villager (Male) |
| 22:26 | Create | Villager (Male) |
| 22:38 | Build | Castle |
| 22:49 | Research | Wheelbarrow |
| 22:55 | Create | Villager (Male) |
| 22:56 | Create | Villager (Male) |
| 23:05 | Build | Town Center |
| 23:16 | Create | Villager (Male) |
| 23:16 | Create | Villager (Male) |
| 23:24 | Build | Farm |
| 23:25 | Build | Farm |
| 23:26 | Build | Farm |
| 23:32 | Build | Farm |
| 23:45 | Build | Barracks |
| 23:53 | Build | Mill |
| 23:57 | Create | Villager (Male) |
| 23:58 | Create | Villager (Male) |
| 24:17 | Create | Villager (Male) |
| 24:18 | Create | Villager (Male) |
| 24:35 | Create | Villager (Male) |
| 24:35 | Create | Villager (Male) |
| 24:43 | Build | Farm |
| 24:49 | Build | Barracks |
| 25:09 | Build | Farm |
| 25:10 | Build | Farm |
| 25:13 | Build | Farm |
| 25:22 | Build | Siege Workshop |
| 25:35 | Research | Imperial Age |
| 25:39 | Create | Villager (Male) |
| 25:49 | Build | Farm |
| 25:50 | Build | Farm |
| 25:51 | Build | Farm |
| 25:53 | Build | Farm |
| 25:58 | Build | House |
| 26:05 | Build | Barracks |
| 26:11 | Research | Squires |
| 26:12 | Research | Arson |
| 26:15 | Research | Pikeman (upgrade) |
| 26:40 | Build | House |
| 26:45 | Research | Heavy Plow |
| 26:49 | Research | Town Watch |
| 26:54 | Create | Villager (Male) |
| 26:54 | Create | Villager (Male) |
| 27:02 | Build | Archery Range |
| 27:08 | Create | Spearman |
| 27:08 | Create | Spearman |
| 27:09 | Create | Spearman |
Build order — Fuzzy Rock
First 150 of 218 actions detected
| 0:02 | Create | Villager (Male) ×4 |
| 0:04 | Build | House |
| 0:06 | Build | House |
| 1:27 | Create | Villager (Male) |
| 2:07 | Create | Villager (Male) |
| 2:27 | Build | House |
| 2:29 | Build | House |
| 2:32 | Build | House |
| 2:33 | Build | House |
| 2:36 | Create | Villager (Male) |
| 3:00 | Create | Villager (Male) |
| 3:14 | Create | Villager (Male) |
| 3:46 | Create | Villager (Male) |
| 4:08 | Create | Villager (Male) |
| 4:42 | Create | Villager (Male) |
| 5:17 | Create | Villager (Male) |
| 5:44 | Create | Villager (Male) ×2 |
| 6:37 | Create | Villager (Male) ×3 |
| 7:05 | Build | Lumber Camp |
| 7:19 | Create | Villager (Male) ×2 |
| 7:54 | Build | Mill |
| 9:11 | Create | Villager (Male) |
| 9:11 | Create | Villager (Male) |
| 9:12 | Create | Villager (Male) |
| 9:12 | Create | Villager (Male) |
| 10:18 | Research | Loom |
| 10:48 | Research | Feudal Age |
| 11:01 | Build | Mining Camp |
| 12:22 | Build | Farm |
| 12:23 | Build | Farm |
| 12:23 | Build | Farm |
| 12:28 | Build | Farm |
| 12:28 | Build | Farm |
| 12:58 | Create | Villager (Male) |
| 12:58 | Create | Villager (Male) |
| 13:26 | Age | Feudal Age |
| 13:31 | Build | Market |
| 13:37 | Build | Blacksmith |
| 13:42 | Research | Double-Bit Axe |
| 13:46 | Build | Stone Wall |
| 13:47 | Build | Gate |
| 14:19 | Research | Castle Age |
| 14:23 | Build | Farm |
| 14:30 | Research | Horse Collar |
| 14:57 | Build | Farm |
| 15:04 | Build | Farm |
| 16:23 | Build | Farm |
| 16:26 | Build | Farm |
| 16:59 | Age | Castle Age |
| 17:37 | Build | Monastery |
| 17:44 | Build | University |
| 17:49 | Create | Villager (Male) |
| 17:50 | Create | Villager (Male) |
| 18:16 | Build | Town Center |
| 18:24 | Research | Imperial Age |
| 19:09 | Create | Villager (Male) ×5 |
| 19:15 | Create | Monk |
| 20:10 | Research | Gold Mining |
| 20:30 | Build | Siege Workshop |
| 20:36 | Build | Barracks |
| 20:49 | Create | Villager (Male) |
| 21:03 | Create | Monk |
| 21:04 | Create | Monk |
| 21:14 | Build | House |
| 21:15 | Build | House |
| 21:34 | Age | Imperial Age |
| 21:35 | Research | Chemistry |
| 21:43 | Build | Archery Range |
| 21:55 | Research | Wheelbarrow |
| 21:56 | Create | Villager (Male) ×3 |
| 22:29 | Build | Archery Range |
| 22:40 | Create | Villager (Male) |
| 22:40 | Create | Villager (Male) |
| 22:45 | Build | Mining Camp |
| 23:16 | Create | Bombard Cannon |
| 23:17 | Create | Hand Cannoneer ×3 |
| 23:20 | Research | Padded Archer Armor |
| 23:48 | Create | Hand Cannoneer |
| 23:49 | Create | Hand Cannoneer |
| 24:07 | Create | Hand Cannoneer |
| 24:09 | Create | Hand Cannoneer |
| 24:14 | Build | House |
| 24:16 | Build | House |
| 24:25 | Create | Hand Cannoneer |
| 24:26 | Create | Hand Cannoneer |
| 24:37 | Create | Bombard Cannon |
| 25:39 | Research | Leather Archer Armor |
| 26:16 | Create | Villager (Male) |
| 26:17 | Create | Villager (Male) |
| 26:17 | Create | Villager (Male) |
| 26:19 | Create | Hand Cannoneer |
| 26:19 | Create | Hand Cannoneer |
| 26:20 | Create | Bombard Cannon |
| 26:39 | Build | Siege Workshop |
| 26:41 | Build | Archery Range |
| 26:42 | Build | Archery Range |
| 26:55 | Build | House |
| 26:56 | Build | House |
| 26:56 | Build | House |
| 26:57 | Build | House |
| 26:57 | Build | House |
| 26:57 | Build | House |
| 28:07 | Create | Hand Cannoneer |
| 28:08 | Create | Hand Cannoneer |
| 28:15 | Create | Bombard Cannon |
| 29:48 | Create | Hand Cannoneer |
| 29:48 | Create | Hand Cannoneer |
| 29:49 | Create | Hand Cannoneer |
| 30:00 | Create | Hand Cannoneer |
| 30:00 | Create | Hand Cannoneer |
| 30:02 | Create | Bombard Cannon |
| 30:04 | Build | Siege Workshop |
| 30:25 | Create | Hand Cannoneer |
| 30:26 | Create | Hand Cannoneer |
| 30:36 | Create | Monk |
| 30:45 | Create | Hand Cannoneer |
| 30:46 | Create | Hand Cannoneer |
| 30:48 | Create | Bombard Cannon |
| 30:55 | Research | Ring Archer Armor |
| 31:34 | Create | Hand Cannoneer |
| 31:34 | Create | Hand Cannoneer |
| 31:52 | Build | Castle |
| 32:10 | Create | Hand Cannoneer |
| 32:10 | Create | Hand Cannoneer |
| 32:14 | Build | Lumber Camp |
| 32:14 | Research | Bow Saw |
| 32:20 | Build | Farm |
| 32:20 | Build | Farm |
| 32:20 | Build | Farm |
| 32:20 | Build | Farm |
| 32:21 | Build | Farm |
| 32:21 | Build | Farm |
| 32:25 | Build | Farm |
| 32:26 | Build | Farm |
| 32:26 | Build | Farm |
| 32:26 | Build | Farm |
| 32:26 | Build | Farm |
| 32:27 | Build | Farm |
| 32:28 | Research | Heavy Plow |
| 33:15 | Build | Siege Workshop |
| 34:25 | Research | Tech 902 |
| 34:25 | Research | Conscription |
| 34:35 | Build | House |
| 34:36 | Build | House |
| 34:37 | Build | House |
| 34:39 | Build | Farm |
| 34:52 | Create | Villager (Male) ×5 |
| 35:15 | Create | Hand Cannoneer ×5 |
| 36:45 | Create | Hand Cannoneer ×5 |
| 37:02 | Create | Bombard Cannon |
Build order — mt26691
First 150 of 487 actions detected
| 0:01 | Create | Villager (Male) ×4 |
| 0:02 | Create | Villager (Male) ×4 |
| 0:04 | Build | House |
| 0:07 | Build | House |
| 1:05 | Research | Loom |
| 1:23 | Create | Villager (Male) |
| 1:24 | Create | Villager (Male) |
| 1:45 | Create | Villager (Male) |
| 1:45 | Create | Villager (Male) |
| 1:45 | Create | Villager (Male) |
| 2:23 | Create | Villager (Male) |
| 2:24 | Create | Villager (Male) |
| 2:24 | Create | Villager (Male) |
| 2:24 | Create | Villager (Male) |
| 3:11 | Create | Villager (Male) |
| 3:11 | Create | Villager (Male) |
| 3:12 | Create | Villager (Male) |
| 3:49 | Create | Villager (Male) |
| 3:49 | Create | Villager (Male) |
| 3:50 | Create | Villager (Male) |
| 4:26 | Create | Villager (Male) |
| 4:26 | Create | Villager (Male) |
| 4:26 | Create | Villager (Male) |
| 4:26 | Create | Villager (Male) |
| 4:27 | Create | Villager (Male) |
| 4:32 | Build | House |
| 4:51 | Create | Villager (Male) |
| 4:51 | Create | Villager (Male) |
| 5:26 | Create | Villager (Male) |
| 5:26 | Create | Villager (Male) |
| 6:20 | Build | Lumber Camp |
| 6:48 | Create | Villager (Male) |
| 6:48 | Create | Villager (Male) |
| 7:23 | Research | Feudal Age |
| 7:48 | Build | House |
| 8:43 | Create | Villager (Male) |
| 8:44 | Create | Villager (Male) |
| 8:52 | Build | Mining Camp |
| 9:33 | Age | Feudal Age |
| 9:37 | Build | Watch Tower |
| 9:41 | Build | House |
| 9:44 | Build | House |
| 9:48 | Build | House |
| 9:50 | Build | House |
| 9:58 | Build | Gate |
| 10:48 | Create | Villager (Male) |
| 10:49 | Create | Villager (Male) |
| 10:49 | Create | Villager (Male) |
| 11:34 | Create | Villager (Male) |
| 11:34 | Create | Villager (Male) |
| 13:03 | Build | Watch Tower |
| 13:46 | Create | Villager (Male) |
| 13:47 | Create | Villager (Male) |
| 13:47 | Create | Villager (Male) |
| 14:06 | Create | Villager (Male) |
| 14:07 | Create | Villager (Male) |
| 14:59 | Build | Watch Tower |
| 15:32 | Build | House |
| 16:17 | Build | Palisade Gate |
| 17:58 | Build | Lumber Camp |
| 18:12 | Build | Stone Wall |
| 18:13 | Build | Stone Wall |
| 18:14 | Build | Stone Wall |
| 18:16 | Build | Stone Wall |
| 18:16 | Build | Stone Wall |
| 18:49 | Build | Stone Wall |
| 18:49 | Build | Stone Wall |
| 18:50 | Build | Stone Wall |
| 19:20 | Build | Town Center |
| 20:21 | Create | Villager (Male) |
| 20:21 | Create | Villager (Male) |
| 20:28 | Create | Villager (Male) |
| 20:31 | Build | Farm |
| 20:31 | Build | Farm |
| 20:31 | Build | Farm |
| 20:31 | Build | Farm |
| 20:32 | Build | Farm |
| 20:32 | Build | Farm |
| 20:32 | Build | Farm |
| 20:32 | Build | Farm |
| 20:33 | Build | Farm |
| 20:33 | Build | Farm |
| 20:57 | Build | Farm |
| 21:03 | Build | Farm |
| 21:08 | Build | Farm |
| 21:30 | Build | Farm |
| 21:55 | Create | Villager (Male) |
| 21:56 | Create | Villager (Male) |
| 22:06 | Build | Mining Camp |
| 22:19 | Build | House |
| 22:23 | Create | Villager (Male) |
| 22:23 | Create | Villager (Male) |
| 22:24 | Create | Villager (Male) |
| 22:33 | Build | Farm |
| 22:41 | Build | Farm |
| 23:06 | Build | Farm |
| 23:44 | Build | House |
| 23:46 | Build | House |
| 23:53 | Create | Villager (Male) |
| 23:58 | Build | Farm |
| 23:58 | Build | Farm |
| 24:47 | Build | Farm |
| 24:52 | Build | Farm |
| 25:11 | Create | Villager (Male) |
| 25:12 | Create | Villager (Male) |
| 25:18 | Build | House |
| 25:19 | Build | House |
| 25:19 | Build | House |
| 25:20 | Build | House |
| 25:20 | Build | House |
| 26:11 | Create | Villager (Male) |
| 26:22 | Research | Castle Age |
| 26:22 | Research | Castle Age |
| 26:22 | Research | Castle Age |
| 26:33 | Build | Stable |
| 26:45 | Build | Stable |
| 27:20 | Create | Villager (Male) |
| 27:21 | Create | Villager (Male) |
| 27:28 | Build | Mining Camp |
| 27:43 | Research | Double-Bit Axe |
| 27:44 | Research | Double-Bit Axe |
| 28:53 | Research | Gold Mining |
| 29:02 | Age | Castle Age |
| 29:07 | Build | Siege Workshop |
| 29:22 | Build | Siege Workshop |
| 29:27 | Create | Villager (Male) |
| 29:27 | Create | Villager (Male) |
| 29:32 | Build | Town Center |
| 29:52 | Create | Scorpion |
| 29:52 | Create | Scorpion |
| 30:08 | Build | Farm |
| 30:14 | Create | Villager (Male) |
| 30:29 | Create | Scorpion |
| 30:42 | Create | Villager (Male) |
| 30:43 | Create | Villager (Male) |
| 30:48 | Create | Villager (Male) |
| 31:00 | Create | Scorpion |
| 31:08 | Create | Villager (Male) |
| 31:08 | Create | Villager (Male) |
| 31:14 | Create | Villager (Male) |
| 31:16 | Create | Villager (Male) |
| 31:35 | Create | Scorpion |
| 32:01 | Create | Villager (Male) |
| 32:01 | Create | Villager (Male) |
| 32:02 | Create | Villager (Male) |
| 32:02 | Create | Villager (Male) |
| 32:06 | Create | Villager (Male) |
| 32:09 | Create | Scorpion |
| 32:21 | Build | House |
| 32:21 | Build | House |
Build order — benjamin100
First 150 of 668 actions detected
| 0:00 | Create | Villager (Male) |
| 0:01 | Create | Villager (Male) |
| 0:02 | Build | House |
| 0:03 | Build | House |
| 0:16 | Create | Villager (Male) |
| 0:16 | Create | Villager (Male) |
| 1:20 | Create | Villager (Male) |
| 1:47 | Create | Villager (Male) |
| 1:48 | Build | Lumber Camp |
| 2:07 | Create | Villager (Male) |
| 2:40 | Create | Villager (Male) |
| 3:05 | Research | Loom |
| 3:13 | Create | Villager (Male) |
| 3:59 | Build | Palisade Wall |
| 4:11 | Create | Villager (Male) |
| 4:12 | Create | Villager (Male) |
| 4:18 | Build | Palisade Wall |
| 4:25 | Build | House |
| 4:41 | Create | Villager (Male) |
| 5:03 | Create | Villager (Male) |
| 5:06 | Build | Mill |
| 5:19 | Create | Villager (Male) |
| 5:55 | Build | Palisade Wall |
| 5:55 | Build | Palisade Wall |
| 5:56 | Build | Palisade Wall |
| 5:56 | Build | Palisade Wall |
| 5:57 | Build | Palisade Wall |
| 5:59 | Build | Palisade Wall |
| 6:00 | Build | Palisade Wall |
| 6:01 | Build | Palisade Wall |
| 6:24 | Create | Villager (Male) |
| 6:25 | Create | Villager (Male) |
| 6:25 | Create | Villager (Male) |
| 6:27 | Build | House |
| 6:44 | Create | Villager (Male) |
| 6:45 | Create | Villager (Male) |
| 7:16 | Create | Villager (Male) |
| 7:29 | Build | Palisade Wall |
| 7:34 | Build | Palisade Wall |
| 7:39 | Build | Palisade Wall |
| 7:40 | Create | Villager (Male) |
| 8:01 | Build | Palisade Wall |
| 8:10 | Build | House |
| 8:22 | Build | Palisade Wall |
| 8:24 | Create | Villager (Male) |
| 8:44 | Create | Villager (Male) |
| 8:46 | Build | Mill |
| 8:51 | Build | Palisade Wall |
| 8:56 | Create | Villager (Male) |
| 9:31 | Create | Villager (Male) |
| 9:38 | Create | Villager (Male) |
| 9:42 | Create | Villager (Male) |
| 9:46 | Build | Palisade Wall |
| 9:50 | Create | Villager (Male) |
| 9:51 | Create | Villager (Male) |
| 10:04 | Build | Palisade Wall |
| 10:17 | Build | Mining Camp |
| 10:51 | Research | Feudal Age |
| 11:01 | Build | Palisade Wall |
| 11:25 | Create | Villager (Male) |
| 11:26 | Create | Villager (Male) |
| 13:09 | Age | Feudal Age |
| 13:11 | Build | Market |
| 13:12 | Build | Blacksmith |
| 13:25 | Build | Outpost |
| 13:30 | Research | Double-Bit Axe |
| 14:01 | Build | Stone Wall |
| 14:03 | Build | Stone Wall |
| 14:04 | Build | Stone Wall |
| 14:06 | Create | Villager (Male) |
| 14:09 | Research | Castle Age |
| 14:14 | Build | Mining Camp |
| 14:25 | Research | Horse Collar |
| 15:02 | Build | Farm |
| 15:03 | Build | Farm |
| 15:04 | Build | Farm |
| 15:05 | Build | Farm |
| 15:17 | Build | House |
| 15:18 | Build | House |
| 15:26 | Build | Stone Wall |
| 15:28 | Build | Stone Wall |
| 15:31 | Build | Stone Wall |
| 15:33 | Build | Stone Wall |
| 15:37 | Build | Stone Wall |
| 15:38 | Build | Stone Wall |
| 15:39 | Build | Stone Wall |
| 15:40 | Build | Stone Wall |
| 15:45 | Create | Villager (Male) |
| 15:46 | Create | Villager (Male) |
| 15:47 | Build | Farm |
| 15:48 | Build | Farm |
| 16:00 | Research | Town Watch |
| 16:49 | Age | Castle Age |
| 16:54 | Build | Town Center |
| 17:02 | Build | Town Center |
| 17:04 | Create | Villager (Male) |
| 17:06 | Research | Bow Saw |
| 17:09 | Build | Farm |
| 17:11 | Build | Farm |
| 17:12 | Create | Villager (Male) |
| 17:19 | Create | Villager (Male) |
| 17:26 | Create | Villager (Male) |
| 17:31 | Build | Farm |
| 17:33 | Build | Farm |
| 17:55 | Build | Farm |
| 18:02 | Build | Farm |
| 18:03 | Create | Villager (Male) |
| 18:15 | Build | Farm |
| 18:17 | Create | Villager (Male) |
| 18:25 | Create | Villager (Male) |
| 18:27 | Create | Villager (Male) |
| 18:30 | Build | Farm |
| 18:43 | Build | Farm |
| 18:43 | Create | Villager (Male) |
| 18:47 | Create | Villager (Male) |
| 18:49 | Build | Farm |
| 18:55 | Build | Farm |
| 18:59 | Build | Farm |
| 19:01 | Create | Villager (Male) |
| 19:07 | Build | Farm |
| 19:10 | Create | Villager (Male) |
| 19:16 | Build | Farm |
| 19:20 | Create | Villager (Male) |
| 19:26 | Build | Farm |
| 19:38 | Build | Farm |
| 19:39 | Create | Villager (Male) |
| 19:43 | Create | Villager (Male) |
| 19:52 | Create | Villager (Male) |
| 19:57 | Create | Villager (Male) |
| 20:04 | Build | Town Center |
| 20:05 | Create | Villager (Male) |
| 20:12 | Create | Villager (Male) |
| 20:20 | Build | Farm |
| 20:21 | Create | Villager (Male) |
| 20:26 | Create | Villager (Male) |
| 20:37 | Build | Farm |
| 20:37 | Create | Villager (Male) |
| 20:41 | Create | Villager (Male) |
| 20:45 | Build | Farm |
| 20:46 | Build | Farm |
| 20:51 | Create | Villager (Male) |
| 20:52 | Build | House |
| 20:54 | Build | House |
| 21:01 | Create | Villager (Male) |
| 21:08 | Build | House |
| 21:09 | Build | House |
| 21:12 | Build | House |
| 21:15 | Research | Wheelbarrow |
| 21:18 | Create | Villager (Male) |
| 21:22 | Build | House |
Build order — Aqua
First 150 of 486 actions detected
| 0:01 | Create | Villager (Male) |
| 0:01 | Create | Villager (Male) |
| 0:01 | Create | Villager (Male) |
| 0:02 | Create | Villager (Male) |
| 0:03 | Build | House |
| 0:04 | Build | House |
| 1:28 | Create | Villager (Male) |
| 1:55 | Build | Lumber Camp |
| 2:04 | Create | Villager (Male) |
| 2:23 | Create | Villager (Male) |
| 2:23 | Create | Villager (Male) |
| 2:53 | Create | Villager (Male) |
| 2:56 | Research | Loom |
| 2:56 | Create | Villager (Male) |
| 3:19 | Create | Villager (Male) |
| 3:20 | Create | Villager (Male) |
| 4:01 | Create | Villager (Male) |
| 4:10 | Create | Villager (Male) |
| 4:35 | Build | Palisade Wall |
| 4:39 | Build | Palisade Gate |
| 4:44 | Build | Palisade Wall |
| 4:58 | Build | House |
| 5:13 | Create | Villager (Male) |
| 5:13 | Create | Villager (Male) |
| 5:18 | Build | Mill |
| 5:40 | Create | Villager (Male) |
| 6:02 | Create | Villager (Male) |
| 6:02 | Create | Villager (Male) |
| 6:15 | Build | House |
| 6:41 | Create | Villager (Male) |
| 6:42 | Create | Villager (Male) |
| 6:42 | Create | Villager (Male) |
| 7:05 | Create | Villager (Male) |
| 7:24 | Build | Palisade Wall |
| 7:43 | Build | Palisade Wall |
| 7:46 | Create | Villager (Male) |
| 7:46 | Create | Villager (Male) |
| 7:47 | Create | Villager (Male) |
| 7:50 | Build | Farm |
| 7:59 | Build | Farm |
| 8:12 | Create | Villager (Male) |
| 8:13 | Create | Villager (Male) |
| 8:29 | Build | House |
| 8:33 | Build | House |
| 8:38 | Create | Villager (Male) |
| 9:03 | Create | Villager (Male) |
| 9:03 | Create | Villager (Male) |
| 9:30 | Build | House |
| 10:24 | Create | Villager (Male) |
| 10:24 | Create | Villager (Male) |
| 10:33 | Build | Mining Camp |
| 10:53 | Create | Villager (Male) |
| 10:53 | Create | Villager (Male) |
| 12:09 | Research | Feudal Age |
| 12:35 | Build | Barracks |
| 12:54 | Create | Villager (Male) |
| 12:54 | Create | Villager (Male) |
| 13:36 | Build | House |
| 14:40 | Age | Feudal Age |
| 14:42 | Build | Blacksmith |
| 14:48 | Build | Archery Range |
| 14:53 | Research | Double-Bit Axe |
| 14:57 | Research | Horse Collar |
| 15:02 | Build | Farm |
| 15:02 | Build | Farm |
| 15:03 | Build | Farm |
| 15:04 | Build | Farm |
| 15:04 | Build | Farm |
| 15:11 | Create | Villager (Male) |
| 15:40 | Research | Castle Age |
| 16:35 | Create | Villager (Male) |
| 16:35 | Create | Villager (Male) |
| 16:39 | Build | Farm |
| 16:42 | Build | Farm |
| 16:44 | Build | Farm |
| 16:49 | Build | Farm |
| 16:51 | Build | Farm |
| 16:53 | Build | Farm |
| 16:57 | Build | Farm |
| 16:59 | Build | Farm |
| 18:35 | Age | Castle Age |
| 18:45 | Build | Siege Workshop |
| 18:49 | Build | Monastery |
| 19:34 | Research | Imperial Age |
| 19:49 | Create | Monk |
| 20:14 | Research | Bow Saw |
| 20:26 | Research | Heavy Plow |
| 20:33 | Build | House |
| 20:33 | Build | House |
| 20:33 | Build | House |
| 20:34 | Build | House |
| 20:34 | Build | House |
| 21:01 | Create | Villager (Male) |
| 21:02 | Create | Villager (Male) |
| 21:08 | Research | Gold Mining |
| 21:22 | Build | Archery Range |
| 21:37 | Research | Padded Archer Armor |
| 22:44 | Build | House |
| 22:44 | Age | Imperial Age |
| 22:44 | Build | House |
| 22:49 | Create | Bombard Cannon |
| 22:50 | Create | Bombard Cannon |
| 22:56 | Create | Hand Cannoneer |
| 22:56 | Create | Hand Cannoneer |
| 22:56 | Create | Hand Cannoneer |
| 22:58 | Create | Hand Cannoneer |
| 22:58 | Create | Hand Cannoneer |
| 23:04 | Research | Leather Archer Armor |
| 23:06 | Create | Villager (Male) |
| 23:06 | Create | Villager (Male) |
| 23:36 | Build | Town Center |
| 23:43 | Create | Villager (Male) |
| 24:06 | Create | Hand Cannoneer |
| 24:07 | Create | Hand Cannoneer |
| 24:07 | Create | Hand Cannoneer |
| 24:13 | Create | Villager (Male) |
| 24:35 | Create | Bombard Cannon |
| 24:40 | Create | Hand Cannoneer |
| 24:40 | Create | Hand Cannoneer |
| 24:40 | Create | Hand Cannoneer |
| 24:58 | Create | Villager (Male) |
| 24:59 | Create | Villager (Male) |
| 25:14 | Create | Hand Cannoneer |
| 25:14 | Create | Hand Cannoneer |
| 26:05 | Create | Villager (Male) |
| 26:05 | Create | Villager (Male) |
| 26:10 | Create | Hand Cannoneer ×5 |
| 26:11 | Create | Hand Cannoneer ×2 |
| 26:23 | Create | Villager (Male) |
| 26:23 | Create | Villager (Male) |
| 26:32 | Build | Farm |
| 26:32 | Build | Farm |
| 26:33 | Build | Farm |
| 26:33 | Build | Farm |
| 26:34 | Build | Farm |
| 26:35 | Build | Farm |
| 26:51 | Create | Hand Cannoneer |
| 26:51 | Create | Hand Cannoneer |
| 27:49 | Create | Villager (Male) |
| 27:49 | Create | Villager (Male) |
| 27:49 | Create | Villager (Male) |
| 27:50 | Create | Villager (Male) |
| 27:50 | Create | Villager (Male) |
| 27:51 | Create | Villager (Male) |
| 27:51 | Create | Villager (Male) |
| 27:51 | Create | Villager (Male) |
| 28:24 | Create | Hand Cannoneer |
| 28:24 | Create | Hand Cannoneer |
| 28:34 | Build | House |
| 28:41 | Build | House |
Build order — 7 TC or Nothing
First 150 of 391 actions detected
| 0:03 | Create | Villager (Male) ×5 |
| 0:03 | Create | Villager (Male) ×5 |
| 0:06 | Build | House |
| 0:09 | Build | House |
| 1:22 | Research | Loom |
| 1:22 | Create | Villager (Male) |
| 1:24 | Build | House |
| 1:47 | Create | Villager (Male) |
| 1:47 | Create | Villager (Male) |
| 2:48 | Create | Villager (Male) ×3 |
| 4:14 | Create | Villager (Male) ×4 |
| 4:14 | Create | Villager (Male) ×5 |
| 4:21 | Build | Lumber Camp |
| 5:25 | Build | House |
| 5:45 | Create | Villager (Male) ×2 |
| 6:42 | Create | Villager (Male) ×2 |
| 6:58 | Create | Villager (Male) |
| 7:08 | Build | Mill |
| 7:31 | Create | Villager (Male) ×2 |
| 8:07 | Build | House |
| 8:36 | Create | Villager (Male) |
| 9:59 | Build | Town Center |
| 10:07 | Build | House |
| 10:16 | Build | House |
| 10:26 | Build | House |
| 10:48 | Research | Feudal Age |
| 10:48 | Research | Feudal Age |
| 12:49 | Create | Villager (Male) |
| 12:49 | Create | Villager (Male) |
| 12:52 | Age | Feudal Age |
| 13:06 | Build | House |
| 13:14 | Research | Town Watch |
| 13:18 | Create | Villager (Male) |
| 13:18 | Create | Villager (Male) |
| 14:45 | Create | Villager (Male) ×5 |
| 14:58 | Build | Mining Camp |
| 15:02 | Build | Market |
| 15:08 | Build | Blacksmith |
| 16:53 | Build | Stone Wall |
| 17:17 | Build | Outpost |
| 17:28 | Build | Lumber Camp |
| 17:38 | Build | Farm |
| 17:39 | Build | Farm |
| 17:39 | Build | Farm |
| 17:39 | Build | Farm |
| 17:39 | Build | Farm |
| 17:56 | Build | Stone Wall |
| 18:37 | Build | Stone Wall |
| 18:45 | Build | Stone Wall |
| 19:07 | Build | Mining Camp |
| 20:02 | Build | Stone Wall |
| 20:24 | Build | Outpost |
| 20:55 | Research | Castle Age |
| 21:01 | Research | Double-Bit Axe |
| 22:06 | Build | House |
| 22:08 | Build | House |
| 22:24 | Research | Horse Collar |
| 22:35 | Build | Stone Wall |
| 23:11 | Build | Farm |
| 23:11 | Build | Farm |
| 23:20 | Age | Castle Age |
| 23:24 | Build | Town Center |
| 23:29 | Build | Town Center |
| 24:39 | Build | Outpost |
| 24:51 | Build | House |
| 24:53 | Research | Wheelbarrow |
| 25:00 | Create | Villager (Male) ×5 |
| 25:03 | Research | Wheelbarrow |
| 25:32 | Build | Stone Wall |
| 25:59 | Create | Villager (Male) ×5 |
| 25:59 | Create | Villager (Male) ×5 |
| 26:10 | Build | Gate |
| 26:23 | Build | Farm |
| 26:23 | Build | Farm |
| 26:23 | Build | Farm |
| 26:24 | Build | Farm |
| 26:24 | Build | Farm |
| 26:24 | Build | Farm |
| 26:24 | Build | Farm |
| 26:24 | Build | Farm |
| 26:24 | Build | Farm |
| 26:43 | Create | Villager (Male) |
| 27:12 | Build | House |
| 27:13 | Build | House |
| 27:14 | Build | House |
| 27:23 | Build | Farm |
| 27:23 | Build | Farm |
| 27:23 | Build | Farm |
| 27:24 | Build | Farm |
| 28:02 | Build | Stone Wall |
| 28:07 | Create | Villager (Male) ×5 |
| 28:18 | Build | Farm |
| 28:18 | Build | Farm |
| 28:18 | Build | Farm |
| 28:19 | Build | Farm |
| 28:19 | Build | Farm |
| 28:32 | Build | Stone Wall |
| 28:36 | Research | Bow Saw |
| 29:56 | Build | Stone Wall |
| 30:07 | Create | Villager (Male) ×5 |
| 30:15 | Build | Town Center |
| 30:29 | Research | Gold Mining |
| 30:31 | Research | Stone Mining |
| 30:34 | Research | Gold Mining |
| 31:01 | Create | Villager (Male) ×5 |
| 31:27 | Create | Villager (Male) ×5 |
| 31:58 | Build | House |
| 31:59 | Build | House |
| 32:00 | Build | House |
| 32:23 | Build | Town Center |
| 33:49 | Build | Farm |
| 33:49 | Build | Farm |
| 33:49 | Build | Farm |
| 34:34 | Build | Farm |
| 34:34 | Build | Farm |
| 34:35 | Build | Farm |
| 34:35 | Build | Farm |
| 34:35 | Build | Farm |
| 34:35 | Build | Farm |
| 34:35 | Build | Farm |
| 34:35 | Build | Farm |
| 34:38 | Build | Farm |
| 34:39 | Build | Farm |
| 34:39 | Build | Farm |
| 34:39 | Build | Farm |
| 34:39 | Build | Farm |
| 34:42 | Create | Villager (Male) ×5 |
| 34:43 | Create | Villager (Male) ×5 |
| 34:43 | Create | Villager (Male) ×5 |
| 35:59 | Build | Town Center |
| 36:13 | Create | Villager (Male) ×5 |
| 36:14 | Create | Villager (Male) ×5 |
| 36:14 | Create | Villager (Male) ×5 |
| 36:24 | Build | Mining Camp |
| 36:42 | Build | Monastery |
| 36:45 | Build | University |
| 36:48 | Build | House |
| 36:49 | Build | House |
| 36:49 | Build | House |
| 36:50 | Build | House |
| 36:50 | Build | House |
| 36:50 | Build | House |
| 36:50 | Build | House |
| 36:50 | Build | House |
| 36:51 | Build | House |
| 36:51 | Build | House |
| 37:49 | Research | Hand Cart |
| 37:49 | Create | Villager (Male) ×5 |
| 37:49 | Create | Villager (Male) ×5 |
| 38:07 | Research | Stone Shaft Mining |
Build order — Kevlar Kevin
First 150 of 456 actions detected
| 0:02 | Create | Villager (Male) |
| 0:03 | Create | Villager (Male) |
| 0:03 | Create | Villager (Male) |
| 0:04 | Build | House |
| 0:05 | Create | Villager (Male) |
| 0:07 | Build | House |
| 1:29 | Create | Villager (Male) |
| 2:10 | Create | Villager (Male) |
| 2:17 | Build | Lumber Camp |
| 2:21 | Create | Villager (Male) |
| 2:51 | Create | Villager (Male) |
| 3:02 | Create | Villager (Male) |
| 3:25 | Build | House |
| 3:58 | Create | Villager (Male) |
| 4:10 | Create | Villager (Male) |
| 4:56 | Create | Villager (Male) |
| 4:56 | Create | Villager (Male) |
| 4:56 | Create | Villager (Male) |
| 4:58 | Create | Villager (Male) |
| 5:04 | Build | Mill |
| 5:41 | Create | Villager (Male) |
| 6:25 | Create | Villager (Male) |
| 6:28 | Build | House |
| 6:50 | Create | Villager (Male) |
| 6:53 | Create | Villager (Male) |
| 6:54 | Create | Villager (Male) |
| 7:03 | Create | Villager (Male) |
| 7:31 | Create | Villager (Male) |
| 8:14 | Build | Lumber Camp |
| 8:52 | Build | Mining Camp |
| 9:05 | Research | Feudal Age |
| 10:49 | Create | Villager (Male) |
| 11:16 | Age | Feudal Age |
| 11:19 | Build | House |
| 11:25 | Build | Market |
| 11:31 | Build | Blacksmith |
| 11:44 | Build | Farm |
| 11:46 | Build | Farm |
| 11:48 | Build | Farm |
| 12:18 | Research | Castle Age |
| 12:30 | Create | Villager (Male) |
| 12:34 | Build | Farm |
| 12:38 | Build | Farm |
| 12:46 | Build | Farm |
| 12:50 | Build | Farm |
| 12:53 | Build | Farm |
| 13:19 | Create | Villager (Male) |
| 13:33 | Build | Farm |
| 13:59 | Create | Villager (Male) |
| 14:23 | Build | Barracks |
| 14:34 | Research | Horse Collar |
| 14:58 | Age | Castle Age |
| 15:06 | Research | Scale Barding Armor |
| 15:09 | Build | Stable |
| 15:12 | Create | Villager (Male) |
| 15:37 | Create | Villager (Male) |
| 15:39 | Build | Farm |
| 15:47 | Research | Forging |
| 16:04 | Build | Farm |
| 16:05 | Build | Farm |
| 16:07 | Build | Farm |
| 16:08 | Create | Villager (Male) |
| 16:22 | Create | Knight |
| 16:34 | Build | House |
| 16:45 | Create | Knight |
| 16:56 | Build | House |
| 16:57 | Build | House |
| 17:04 | Create | Villager (Male) |
| 17:16 | Build | Stable |
| 17:18 | Create | Villager (Male) |
| 17:23 | Build | Farm |
| 17:24 | Create | Villager (Male) |
| 17:42 | Create | Knight |
| 17:53 | Create | Knight |
| 17:58 | Build | Farm |
| 18:02 | Create | Villager (Male) |
| 18:15 | Build | Farm |
| 18:16 | Create | Villager (Male) |
| 18:29 | Build | Farm |
| 18:31 | Create | Villager (Male) |
| 18:55 | Create | Villager (Male) |
| 19:00 | Create | Knight |
| 19:12 | Create | Knight |
| 19:24 | Research | Heavy Plow |
| 19:27 | Build | House |
| 19:28 | Build | House |
| 19:55 | Create | Villager (Male) |
| 20:02 | Research | Double-Bit Axe |
| 20:10 | Create | Villager (Male) |
| 20:30 | Create | Villager (Male) |
| 20:43 | Build | Farm |
| 20:45 | Build | Farm |
| 20:48 | Build | Farm |
| 20:51 | Build | Farm |
| 20:57 | Research | Husbandry |
| 21:02 | Create | Villager (Male) |
| 21:12 | Create | Knight |
| 21:24 | Create | Villager (Male) |
| 21:33 | Build | House |
| 21:34 | Build | House |
| 21:35 | Build | House |
| 21:36 | Build | House |
| 21:40 | Create | Knight |
| 21:52 | Create | Villager (Male) |
| 22:06 | Research | Bloodlines |
| 22:13 | Create | Knight |
| 22:20 | Create | Villager (Male) |
| 22:27 | Build | Monastery |
| 22:35 | Build | Farm |
| 22:36 | Create | Villager (Male) |
| 23:06 | Research | Chain Barding Armor |
| 23:16 | Build | Farm |
| 23:17 | Create | Villager (Male) |
| 23:20 | Create | Monk |
| 23:51 | Create | Knight |
| 23:55 | Build | Farm |
| 23:58 | Build | Farm |
| 24:02 | Research | Wheelbarrow |
| 24:23 | Create | Villager (Male) |
| 24:36 | Research | Bow Saw |
| 24:39 | Create | Villager (Male) |
| 25:03 | Research | Iron Casting |
| 25:10 | Create | Knight |
| 25:41 | Create | Villager (Male) |
| 25:45 | Research | Hand Cart |
| 26:06 | Build | House |
| 26:08 | Build | House |
| 26:08 | Create | Villager (Male) |
| 26:43 | Create | Villager (Male) |
| 26:54 | Build | Town Center |
| 27:42 | Build | Farm |
| 27:45 | Create | Villager (Male) |
| 29:12 | Create | Villager (Male) |
| 29:13 | Create | Villager (Male) |
| 29:13 | Create | Villager (Male) |
| 29:32 | Build | University |
| 29:35 | Create | Villager (Male) |
| 29:54 | Create | Villager (Male) |
| 29:55 | Create | Villager (Male) |
| 30:14 | Build | Town Center |
| 30:16 | Create | Villager (Male) |
| 30:24 | Create | Villager (Male) |
| 30:58 | Build | Siege Workshop |
| 31:03 | Build | Siege Workshop |
| 31:11 | Build | Siege Workshop |
| 31:12 | Create | Villager (Male) |
| 31:13 | Create | Villager (Male) |
| 31:18 | Research | Imperial Age |
| 31:20 | Research | Gold Mining |
| 31:32 | Build | Lumber Camp |
Build order — Yoshi
First 150 of 872 actions detected
| 0:00 | Create | Villager (Male) |
| 0:00 | Create | Villager (Male) |
| 0:01 | Create | Villager (Male) |
| 0:01 | Create | Villager (Male) |
| 0:02 | Build | House |
| 0:03 | Build | House |
| 1:24 | Create | Villager (Male) |
| 1:43 | Create | Villager (Male) |
| 2:19 | Build | Settlement |
| 2:21 | Create | Villager (Male) |
| 2:52 | Create | Villager (Male) |
| 2:52 | Create | Villager (Male) |
| 3:05 | Create | Villager (Male) |
| 3:36 | Create | Villager (Male) |
| 4:05 | Create | Villager (Male) |
| 4:28 | Create | Villager (Male) |
| 4:38 | Build | Settlement |
| 4:55 | Create | Villager (Male) |
| 5:18 | Create | Villager (Male) |
| 5:50 | Create | Villager (Male) |
| 6:11 | Research | Loom |
| 6:12 | Research | Loom |
| 6:39 | Create | Villager (Male) |
| 6:47 | Build | Palisade Gate |
| 6:56 | Build | Settlement |
| 6:59 | Create | Villager (Male) |
| 7:20 | Create | Villager (Male) |
| 7:50 | Create | Villager (Male) |
| 8:19 | Build | Palisade Wall |
| 8:22 | Create | Villager (Male) |
| 8:24 | Create | Villager (Male) |
| 8:44 | Create | Villager (Male) |
| 8:53 | Create | Villager (Male) |
| 9:02 | Build | Settlement |
| 9:21 | Create | Villager (Male) |
| 9:41 | Research | Feudal Age |
| 9:41 | Research | Feudal Age |
| 10:05 | Create | Villager (Male) |
| 10:05 | Create | Villager (Male) |
| 10:21 | Build | Palisade Wall |
| 12:12 | Age | Feudal Age |
| 12:13 | Build | Market |
| 12:14 | Build | Blacksmith |
| 12:28 | Build | Stone Wall |
| 12:32 | Build | Gate |
| 12:39 | Research | Double-Bit Axe |
| 13:10 | Research | Castle Age |
| 13:10 | Research | Castle Age |
| 13:12 | Research | Horse Collar |
| 14:31 | Create | Villager (Male) |
| 15:50 | Age | Castle Age |
| 15:51 | Build | Town Center |
| 15:52 | Build | Town Center |
| 15:54 | Research | Bow Saw |
| 15:55 | Research | Heavy Plow |
| 15:55 | Research | Heavy Plow |
| 16:00 | Research | Heavy Plow |
| 16:00 | Research | Heavy Plow |
| 16:01 | Create | Villager (Male) |
| 16:26 | Create | Villager (Male) |
| 16:30 | Build | Farm |
| 16:31 | Build | Farm |
| 16:38 | Build | Farm |
| 16:41 | Build | Farm |
| 16:42 | Build | Farm |
| 16:45 | Build | Farm |
| 16:47 | Build | Farm |
| 16:48 | Create | Villager (Male) |
| 16:50 | Build | Farm |
| 16:53 | Create | Villager (Male) |
| 16:53 | Create | Villager (Male) |
| 16:56 | Build | Farm |
| 17:11 | Build | Farm |
| 17:15 | Build | Farm |
| 17:17 | Create | Villager (Male) |
| 17:20 | Build | Farm |
| 17:27 | Build | Farm |
| 17:39 | Build | Farm |
| 17:40 | Create | Villager (Male) |
| 17:43 | Build | Farm |
| 17:49 | Build | Farm |
| 17:49 | Create | Villager (Male) |
| 17:56 | Build | Farm |
| 18:03 | Build | Farm |
| 18:09 | Build | Farm |
| 18:10 | Create | Villager (Male) |
| 18:15 | Create | Villager (Male) |
| 18:16 | Build | Farm |
| 18:26 | Build | Farm |
| 18:26 | Create | Villager (Male) |
| 18:26 | Create | Villager (Male) |
| 18:35 | Build | Farm |
| 18:40 | Create | Villager (Male) |
| 18:40 | Create | Villager (Male) |
| 18:43 | Build | Farm |
| 18:45 | Build | Farm |
| 18:45 | Create | Villager (Male) |
| 18:51 | Create | Villager (Male) |
| 18:53 | Build | Farm |
| 18:56 | Create | Villager (Male) |
| 19:06 | Build | Farm |
| 19:07 | Create | Villager (Male) |
| 19:07 | Create | Villager (Male) |
| 19:14 | Create | Villager (Male) |
| 19:15 | Build | Farm |
| 19:24 | Build | Farm |
| 19:25 | Create | Villager (Male) |
| 19:25 | Create | Villager (Male) |
| 19:32 | Build | Farm |
| 19:39 | Build | House |
| 19:40 | Build | House |
| 19:43 | Create | Villager (Male) |
| 19:43 | Create | Villager (Male) |
| 19:43 | Create | Villager (Male) |
| 19:49 | Build | Farm |
| 19:57 | Create | Villager (Male) |
| 19:58 | Create | Villager (Male) |
| 20:01 | Build | Farm |
| 20:05 | Build | Farm |
| 20:14 | Research | Wheelbarrow |
| 20:15 | Research | Wheelbarrow |
| 20:15 | Research | Wheelbarrow |
| 20:19 | Build | Farm |
| 20:20 | Create | Villager (Male) |
| 20:20 | Create | Villager (Male) |
| 20:38 | Research | Gold Mining |
| 20:38 | Research | Gold Mining |
| 20:38 | Create | Villager (Male) |
| 20:41 | Build | House |
| 20:50 | Create | Villager (Male) |
| 21:08 | Create | Villager (Male) |
| 21:09 | Create | Villager (Male) |
| 21:22 | Create | Villager (Male) |
| 21:33 | Build | Settlement |
| 21:37 | Research | Gold Shaft Mining |
| 21:37 | Research | Gold Shaft Mining |
| 21:39 | Research | Stone Mining |
| 21:39 | Research | Stone Mining |
| 21:42 | Create | Villager (Male) |
| 21:42 | Create | Villager (Male) |
| 21:44 | Build | House |
| 21:45 | Build | House |
| 21:46 | Build | House |
| 21:56 | Create | Villager (Male) |
| 21:56 | Create | Villager (Male) |
| 22:03 | Build | Monastery |
| 22:17 | Build | Outpost |
| 22:18 | Build | Outpost |
| 22:20 | Research | Town Watch |
| 22:21 | Create | Villager (Male) |
Match timeline
| 3:59 | benjamin100 · wall_segment Palisade Wall x3 |
| 4:18 | benjamin100 · wall_segment Palisade Wall x5 |
| 4:35 | Aqua · wall_segment Palisade Wall x4 |
| 4:44 | Aqua · wall_segment Palisade Wall x3 |
| 5:55 | benjamin100 · wall_segment Palisade Wall x1 |
| 5:55 | benjamin100 · wall_segment Palisade Wall x1 |
| 5:56 | benjamin100 · wall_segment Palisade Wall x1 |
| 5:56 | benjamin100 · wall_segment Palisade Wall x1 |
| 5:57 | benjamin100 · wall_segment Palisade Wall x1 |
| 5:59 | benjamin100 · wall_segment Palisade Wall x3 |
| 6:00 | benjamin100 · wall_segment Palisade Wall x1 |
| 6:01 | benjamin100 · wall_segment Palisade Wall x1 |
| 7:24 | Aqua · wall_segment Palisade Wall x8 |
| 7:29 | benjamin100 · wall_segment Palisade Wall x1 |
| 7:34 | benjamin100 · wall_segment Palisade Wall x3 |
| 7:39 | benjamin100 · wall_segment Palisade Wall x4 |
| 7:43 | Aqua · wall_segment Palisade Wall x7 |
| 8:01 | benjamin100 · wall_segment Palisade Wall x1 |
| 8:19 | Yoshi · wall_segment Palisade Wall x7 |
| 8:22 | benjamin100 · wall_segment Palisade Wall x8 |
| 8:51 | benjamin100 · wall_segment Palisade Wall x1 |
| 9:33 | mt26691 · age_up feudal |
| 9:46 | benjamin100 · wall_segment Palisade Wall x8 |
| 10:04 | benjamin100 · wall_segment Palisade Wall x1 |
| 10:21 | Yoshi · wall_segment Palisade Wall x11 |
| 11:01 | benjamin100 · wall_segment Palisade Wall x7 |
| 11:04 | Rani · age_up feudal |
| 11:16 | Kevlar Kevin · age_up feudal |
| 12:12 | Yoshi · age_up feudal |
| 12:28 | Yoshi · wall_segment Stone Wall x11 |
| 12:35 | Aqua · first_building Barracks |
| 12:52 | 7 TC or Nothing · age_up feudal |
| 13:09 | benjamin100 · age_up feudal |
| 13:26 | Fuzzy Rock · age_up feudal |
| 13:46 | Fuzzy Rock · wall_segment Stone Wall x11 |
| 14:01 | benjamin100 · wall_segment Stone Wall x6 |
| 14:03 | benjamin100 · wall_segment Stone Wall x1 |
| 14:04 | benjamin100 · wall_segment Stone Wall x1 |
| 14:23 | Kevlar Kevin · first_building Barracks |
| 14:40 | Aqua · age_up feudal |
| 14:48 | Aqua · first_building Archery Range |
| 14:58 | Kevlar Kevin · age_up castle |
| 15:09 | Kevlar Kevin · first_building Stable |
| 15:26 | benjamin100 · wall_segment Stone Wall x1 |
| 15:28 | benjamin100 · wall_segment Stone Wall x1 |
| 15:31 | benjamin100 · wall_segment Stone Wall x5 |
| 15:33 | benjamin100 · wall_segment Stone Wall x1 |
| 15:37 | benjamin100 · wall_segment Stone Wall x1 |
| 15:38 | benjamin100 · wall_segment Stone Wall x1 |
| 15:39 | benjamin100 · wall_segment Stone Wall x1 |
| 15:40 | benjamin100 · wall_segment Stone Wall x1 |
| 15:50 | Yoshi · age_up castle |
| 16:49 | benjamin100 · age_up castle |
| 16:53 | 7 TC or Nothing · wall_segment Stone Wall x16 |
| 16:59 | benjamin100 · first_market_buy 100 stone |
| 16:59 | Fuzzy Rock · age_up castle |
| 17:35 | Rani · age_up castle |
| 17:37 | Fuzzy Rock · first_building Monastery |
| 17:54 | Fuzzy Rock · first_market_sell 100 food |
| 17:56 | 7 TC or Nothing · wall_segment Stone Wall x5 |
| 17:59 | Rani · first_building Monastery |
| 18:12 | mt26691 · wall_segment Stone Wall x1 |
| 18:13 | mt26691 · wall_segment Stone Wall x1 |
| 18:14 | mt26691 · wall_segment Stone Wall x1 |
| 18:16 | mt26691 · wall_segment Stone Wall x1 |
| 18:16 | mt26691 · wall_segment Stone Wall x1 |
| 18:35 | Aqua · age_up castle |
| 18:37 | 7 TC or Nothing · wall_segment Stone Wall x3 |
| 18:45 | Aqua · first_building Siege Workshop |
| 18:45 | 7 TC or Nothing · wall_segment Stone Wall x1 |
| 18:49 | Aqua · first_building Monastery |
| 18:49 | mt26691 · wall_segment Stone Wall x1 |
| 18:49 | mt26691 · wall_segment Stone Wall x1 |
| 18:50 | mt26691 · wall_segment Stone Wall x2 |
| 20:02 | 7 TC or Nothing · wall_segment Stone Wall x1 |
| 20:30 | Fuzzy Rock · first_building Siege Workshop |
| 20:36 | Fuzzy Rock · first_building Barracks |
| 21:34 | Fuzzy Rock · age_up imperial |
| 21:43 | Fuzzy Rock · first_building Archery Range |
| 22:03 | Yoshi · first_building Monastery |
| 22:27 | Kevlar Kevin · first_building Monastery |
| 22:35 | 7 TC or Nothing · wall_segment Stone Wall x14 |
| 22:38 | Rani · first_building Castle |
| 22:44 | Aqua · age_up imperial |
| 23:08 | Yoshi · wall_segment Stone Wall x7 |
| 23:20 | 7 TC or Nothing · age_up castle |
| 23:45 | Rani · first_building Barracks |
| 24:08 | Yoshi · first_building Siege Workshop |
| 24:37 | Yoshi · first_building Barracks |
| 25:22 | Rani · first_building Siege Workshop |
| 25:31 | Rani · first_market_buy 100 food |
| 25:32 | 7 TC or Nothing · wall_segment Stone Wall x1 |
| 25:46 | Yoshi · first_building Castle |
| 26:01 | benjamin100 · first_building Monastery |
| 26:33 | mt26691 · first_building Stable |
| 26:40 | Yoshi · first_market_sell 100 stone |
| 26:43 | Yoshi · first_market_buy 100 wood |
| 26:54 | benjamin100 · first_building Siege Workshop |
| 27:00 | benjamin100 · first_building Castle |
| 27:02 | Rani · first_building Archery Range |
| 27:24 | Rani · first_building Stable |
| 28:02 | 7 TC or Nothing · wall_segment Stone Wall x1 |
| 28:32 | 7 TC or Nothing · wall_segment Stone Wall x6 |
| 28:34 | Yoshi · age_up imperial |
| 28:45 | Rani · age_up imperial |
| 29:01 | benjamin100 · first_building Barracks |
| 29:02 | mt26691 · age_up castle |
| 29:07 | mt26691 · first_building Siege Workshop |
| 29:18 | Kevlar Kevin · first_market_sell 100 food |
| 29:56 | 7 TC or Nothing · wall_segment Stone Wall x1 |
| 30:23 | benjamin100 · age_up imperial |
| 30:58 | Kevlar Kevin · first_building Siege Workshop |
| 31:16 | benjamin100 · first_building Stable |
| 31:52 | Fuzzy Rock · first_building Castle |
| 32:07 | benjamin100 · first_market_sell 100 food |
| 33:06 | Kevlar Kevin · first_building Archery Range |
| 33:57 | benjamin100 · wall_segment Stone Wall x14 |
| 34:22 | Kevlar Kevin · tribute_sent a jugador 1 |
| 34:22 | Kevlar Kevin · tribute_sent a jugador 2 |
| 34:22 | Kevlar Kevin · tribute_sent a jugador 3 |
| 34:22 | Kevlar Kevin · tribute_sent a jugador 4 |
| 34:22 | Kevlar Kevin · tribute_sent a jugador 5 |
| 34:22 | Kevlar Kevin · tribute_sent a jugador 6 |
| 34:22 | Kevlar Kevin · tribute_sent a jugador 8 |
| 34:28 | Kevlar Kevin · age_up imperial |
| 35:25 | Aqua · first_building Castle |
| 36:42 | 7 TC or Nothing · first_building Monastery |
| 37:30 | Yoshi · wall_segment Stone Wall x10 |
| 38:00 | Rani · wall_segment Stone Wall x12 |
| 38:29 | 7 TC or Nothing · first_building Barracks |
| 38:50 | benjamin100 · wall_segment Stone Wall x1 |
| 39:03 | 7 TC or Nothing · first_building Stable |
| 40:41 | 7 TC or Nothing · first_building Castle |
| 40:58 | Yoshi · tribute_sent a jugador 1 |
| 40:58 | Yoshi · tribute_sent a jugador 2 |
| 40:58 | Yoshi · tribute_sent a jugador 3 |
| 40:58 | Yoshi · tribute_sent a jugador 4 |
| 40:58 | Yoshi · tribute_sent a jugador 5 |
| 40:58 | Yoshi · tribute_sent a jugador 6 |
| 40:58 | Yoshi · tribute_sent a jugador 7 |
| 41:00 | 7 TC or Nothing · age_up imperial |
| 41:24 | Fuzzy Rock · tribute_sent a jugador 2 |
| 41:24 | Fuzzy Rock · tribute_sent a jugador 3 |
| 41:24 | Fuzzy Rock · tribute_sent a jugador 4 |
| 41:24 | Fuzzy Rock · tribute_sent a jugador 5 |
| 41:24 | Fuzzy Rock · tribute_sent a jugador 6 |
| 41:24 | Fuzzy Rock · tribute_sent a jugador 7 |
| 41:24 | Fuzzy Rock · tribute_sent a jugador 8 |
| 41:36 | mt26691 · first_market_sell 500 wood |
| 41:50 | Yoshi · tribute_sent a jugador 1 |
| 41:50 | Yoshi · tribute_sent a jugador 2 |
| 41:50 | Yoshi · tribute_sent a jugador 3 |
| 41:50 | Yoshi · tribute_sent a jugador 4 |
| 41:50 | Yoshi · tribute_sent a jugador 5 |
| 41:50 | Yoshi · tribute_sent a jugador 6 |
| 41:50 | Yoshi · tribute_sent a jugador 7 |
| 43:30 | 7 TC or Nothing · first_building Siege Workshop |
| 43:31 | Yoshi · wall_segment Stone Wall x13 |
| 43:42 | Fuzzy Rock · tribute_sent a jugador 2 |
| 43:42 | Fuzzy Rock · tribute_sent a jugador 3 |
| 43:42 | Fuzzy Rock · tribute_sent a jugador 4 |
| 43:42 | Fuzzy Rock · tribute_sent a jugador 5 |
| 43:42 | Fuzzy Rock · tribute_sent a jugador 6 |
| 43:42 | Fuzzy Rock · tribute_sent a jugador 7 |
| 43:42 | Fuzzy Rock · tribute_sent a jugador 8 |
| 44:57 | mt26691 · age_up imperial |
| 46:02 | Yoshi · wall_segment Stone Wall x10 |
| 48:43 | Kevlar Kevin · first_building Castle |
| 51:38 | Yoshi · wall_segment Stone Wall x3 |
| 51:39 | Yoshi · wall_segment Stone Wall x1 |
| 51:40 | Yoshi · wall_segment Stone Wall x4 |
| 51:41 | Yoshi · wall_segment Stone Wall x3 |
| 52:05 | mt26691 · wall_segment Stone Wall x23 |
| 52:47 | Yoshi · wall_segment Stone Wall x4 |
| 53:03 | mt26691 · first_market_buy 100 stone |
| 53:48 | mt26691 · tribute_sent a jugador 1 |
| 53:48 | mt26691 · tribute_sent a jugador 3 |
| 53:48 | mt26691 · tribute_sent a jugador 4 |
| 53:48 | mt26691 · tribute_sent a jugador 5 |
| 53:48 | mt26691 · tribute_sent a jugador 6 |
| 53:48 | mt26691 · tribute_sent a jugador 7 |
| 53:48 | mt26691 · tribute_sent a jugador 8 |
| 58:02 | mt26691 · tribute_sent a jugador 1 |
| 58:02 | mt26691 · tribute_sent a jugador 3 |
| 58:02 | mt26691 · tribute_sent a jugador 4 |
| 58:02 | mt26691 · tribute_sent a jugador 5 |
| 58:02 | mt26691 · tribute_sent a jugador 6 |
| 58:02 | mt26691 · tribute_sent a jugador 7 |
| 58:02 | mt26691 · tribute_sent a jugador 8 |
| 58:34 | Kevlar Kevin · first_market_buy 100 stone |
| 58:59 | mt26691 · tribute_sent a jugador 1 |
| 58:59 | mt26691 · tribute_sent a jugador 3 |
| 58:59 | mt26691 · tribute_sent a jugador 4 |
| 58:59 | mt26691 · tribute_sent a jugador 5 |
| 58:59 | mt26691 · tribute_sent a jugador 6 |
| 58:59 | mt26691 · tribute_sent a jugador 7 |
| 58:59 | mt26691 · tribute_sent a jugador 8 |
| 59:42 | mt26691 · wall_segment Stone Wall x15 |
| 60:22 | Yoshi · resign |
[ AI ANALYSIS · 1 CREDIT ]
What really happened in this match?
Wolo.gg analyzes every decision: build order, eco, micro, common mistakes by bracket. Personalized analysis on WhatsApp or Discord in 30 seconds.
Civ guide
Bohemians
Map guide
Black Forest
Perfil
Jugador #252829